 Seeded DCSS version 0.26.1-16-g4e020e15dc (webtiles) character file.

Game seed: 18446744073709551615 (custom seed)

338 Mickster the Covered (level 6, -1/48 HPs)
             Began as a Demigod Wanderer on Feb 25, 2023.
             Succumbed to an orc wizard's poison
             ... on level 5 of the Dungeon.
             The game lasted 00:30:47 (2813 turns).

Mickster the Covered (Demigod Wanderer)             Turns: 2813, Time: 00:30:48

Health: -1/48      AC: 22    Str: 20    XL:     6   Next: 7%
Magic:  11/11      EV:  4    Int: 18    God:
Gold:   157        SH: 14    Dex: 14    Spells: 7/8 levels left

rFire    . . .     SeeInvis .   s - +1 flail (protect)
rCold    . . .     Faith    .   m - +0 kite shield
rNeg     . . .     Spirit   .   u - +0 plate armour
rPois    .         Reflect  +   (no helmet)
rElec    .         Harm     .   (no cloak)
rCorr    .         Rampage  .   (no gloves)
Will     +....     Rnd*Rage +   (no boots)
Stlth    ..........             n - amulet of reflection
HPRegen  0.16/turn              p - +4 ring of protection
MPRegen  0.12/turn              (no ring)

@: lethally poisoned (-1 -> -26), protection aura
A: berserk 1, high mp 1, strong-willed 1, strong 1
a: no special abilities


You were on level 5 of the Dungeon.
You visited 1 branch of the dungeon, and saw 5 of its levels.

You collected 157 gold pieces.

Inventory:

Hand Weapons
 a - a +0 club
 b - a +1 spear of venom
 h - a +0 short sword
 o - a +0 hunting sling
 s - a +1 flail of protection (weapon)
Missiles
 d - 5 atropa-tipped darts (quivered)
 f - 8 boomerangs
 g - 27 stones
 j - 16 poisoned darts
 l - 11 arrows
Armour
 k - a +0 chain mail
 m - a +0 kite shield (worn)
 u - a +0 plate armour (worn)
Jewellery
 e - an uncursed amulet of the acrobat
 n - an amulet of reflection (around neck)
 p - a +4 ring of protection (left hand)
Wands
 r - a wand of polymorph (3)
 t - a wand of disintegration (10)
Scrolls
 c - 5 scrolls of teleportation
 i - 2 scrolls of identify
 q - a scroll of amnesia


   Skills:
 + Level 2.1 Fighting
 - Level 1.3 Short Blades
 * Level 2.2 Maces & Flails
 - Level 0.6 Polearms
 + Level 0.2 Throwing
 + Level 4.0 Armour
 + Level 1.0 Dodging
 + Level 3.6 Shields
 + Level 1.9 Spellcasting
 + Level 1.0 Hexes


You had 7 spell levels left.
You knew the following spells:

 Your Spells              Type           Power        Failure   Level
a - Corona                Hex            5%           100%        1

Your spell library contained the following spells:

 Spells                   Type           Power        Failure   Level
 Beastly Appendage        Tmut           2%           100%        1
 Ensorcelled Hibernation  Hex/Ice        6%           100%        2
 Wereblood                Tmut           1%           100%        2
 Confusing Touch          Hex            5%           100%        3
 Dazzling Flash           Conj/Hex       6%           100%        3
 Spider Form              Tmut/Pois      0%           100%        3
 Tukima's Dance           Hex            5%           100%        3
 Ice Form                 Ice/Tmut       1%           100%        4
 Blade Hands              Tmut           0%           100%        5


Dungeon Overview and Level Annotations

Branches:
Dungeon (5/15)
 Temple: D:4-7


Innate Abilities, Weirdness & Mutations

You have an increased reservoir of magic. (+10% MP)
You tend to lose your temper in combat.
You are strong-willed. (Will+)
Your muscles are strong. (Str +2)


Message History

Aim: an orc wizard, wielding a +2 dagger of venom and wearing a +0 robe (heavily wounded, fast, chance to affect: 65%)
The orc wizard is blasted!
You blow up the orc wizard!
* * * LOW HITPOINT WARNING * * *
You feel sick. You block the orc's attack.
Your Maces & Flails skill increases to level 2!
You have reached level 6!
Your experience leads to a dramatic increase in your attributes!
Your base attributes are Str 18, Int 18, Dex 12.
Increase (S)trength, (I)ntelligence, or (D)exterity?
You feel agile. x2
You hit the orc.
Your weapon exudes an aura of protection.
The orc is lightly wounded.
* * * LOW HITPOINT WARNING * * *
You feel very sick. You block the orc's attack.
You hit the orc.
The orc is severely wounded.
You die...

#......# ... #......
.#.#
#.....##########....
#.....##..#........#
#.........#........#
#.........#........#
#.........#........#
#........@o).......#
#........)#.........
#.....##..#.........
#.<...##..##....####
#.....#....#....#
#.....#....#....#
############....#
######


You could see an orc.

Vanquished Creatures
  An ogre (D:4)
  A centaur zombie (D:3)
  An orc priest (D:4)
  An iguana (D:4)
  2 orc wizards (D:5)
  5 adders
  A worm (D:2)
  8 orcs
  A ball python (D:2)
  3 bats
  A giant cockroach (D:3)
  6 goblins
  7 hobgoblins
  7 jackals
  5 kobolds
  3 quokkas
  4 frilled lizards
  4 rats
61 creatures vanquished.

Notes
Turn   | Place    | Note
-------+----------+-------------------------------------------
     0 | D:1      | Mickster the Demigod Wanderer began the quest for the Orb.
     0 | D:1      | Mickster set off with the following items: a +0 club, a +0
                  | ring mail, a scroll of teleportation; and the following
                  | spell memorised: Corona; and the following spells available
                  | to memorise: Ensorcelled Hibernation, Confusing Touch,
                  | Tukima's Dance, Dazzling Flash
     0 | D:1      | Reached XP level 1. HP: 17/17 MP: 5/5
   136 | D:1      | Reached skill level 3 in Armour
   220 | D:1      | Reached XP level 2. HP: 16/24 MP: 7/7
   427 | D:1      | You fall into a shaft and drop 1 floor!
   469 | D:2      | Gained mutation: You tend to lose your temper in combat.
                  | [potion of mutation]
   469 | D:2      | Gained mutation: Your muscles are strong. (Str +2) [potion
                  | of mutation]
   469 | D:2      | Gained mutation: You are strong-willed. (Will+) [potion of
                  | mutation]
   876 | D:2      | Reached XP level 3. HP: 10/29 MP: 8/8
  1366 | D:2      | Reached skill level 1 in Short Blades
  2081 | D:3      | Reached XP level 4. HP: 34/36 MP: 9/9
  2644 | D:4      | Noticed an ogre
  2648 | D:4      | Reached XP level 5. HP: 41/41 MP: 10/10
  2656 | D:4      | Killed an ogre
  2657 | D:4      | Reached skill level 1 in Maces & Flails
  2657 | D:4      | Reached skill level 4 in Armour
  2657 | D:4      | Reached skill level 1 in Dodging
  2777 | D:5      | Entered Level 5 of the Dungeon
  2812 | D:5      | Reached XP level 6. HP: 6/48 MP: 11/11
  2812 | D:5      | HP: 2/48 [poisoned by an orc wizard]
  2813 | D:5      | Succumbed to an orc wizard's poison

Illustrated notes

Levels and vault maps discovered:
D:1:      minmay_arrival_loop, layout_loops_ring, minmay_tree_intersection
D:2:      cheibrodos_greedy_goblins, layout_basic
D:3:      layout_loops_cross
D:4:      layout_rooms, zin_treasury, gammafunk_ghost_split
D:5:      layout_gridville, serial_shops, nicolae_shop_crystal, serial_glass,
          glass_columns_a, glass_columns_b, minivault_25

Skill      XL: |  1  2  3  4  5 |
---------------+----------------+-----
Armour         | 3 4 |  4.0
Shields        | 2 3 |  3.6
Fighting       | 2 |  2.1
Short Blades   | 1 |  1.3
Maces & Flails | 2 |  2.2
Dodging        | 1 |  1.0
Polearms       | |  0.6
Throwing       | |  0.2
Spellcasting   | |  1.9
Hexes          | |  1.0

Action                   |  1- 3 |  4- 6 || total
-------------------------+-------+-------++-------
Melee: Club              |    45 |       ||    45
       Short sword       |   114 |       ||   114
       Spear             |    13 |    40 ||    53
       Flail             |       |    57 ||    57
Throw: Dart              |     1 |     2 ||     3
Evoke: Wand              |       |     2 ||     2
  Use: Scroll            |     8 |       ||     8
       Potion            |     4 |     2 ||     6
Armor: Ring mail         |    53 |       ||    53
       Chain mail        |    68 |    49 ||   117
       Plate armour      |       |    20 ||    20
Dodge: Dodged            |    85 |    22 ||   107
Block: Kite shield       |    56 |   111 ||   167
       Reflection        |       |     1 ||     1
